[Event "FICS rated blitz game"]
[Site "FICS freechess.org"]
[FICSGamesDBGameNo "20000517"]
[White "RalphG"]
[Black "Kajake"]
[WhiteElo "1801"]
[BlackElo "1832"]
[WhiteRD "na"]
[BlackRD "na"]
[TimeControl "180+0"]
[Date "1999.05.02"]
[Time "02:25:00"]
[WhiteClock "0:03:00.000"]
[BlackClock "0:03:00.000"]
[ECO "B92"]
[PlyCount "96"]
[Result "0-1"]

1. e4 c5 2. Nf3 d6 3. d4 cxd4 4. Nxd4 Nf6 5. Nc3 a6 6. Be2 e5 7. Nb3 Be6 8. Bg5 Be7 9. Bxf6 Bxf6 10. Bg4 Qd7 11. Bxe6 Qxe6 12. Nd5 Bd8 13. O-O O-O 14. Nc1 Nc6 15. Ne2 b5 16. Qd3 Rc8 17. f4 exf4 18. Nexf4 Qe5 19. c3 Na5 20. Rae1 Nc4 21. Re2 Bb6+ 22. Kh1 Rfe8 23. Qf3 Qg5 24. Nxb6 Nxb6 25. Nd5 Nxd5 26. Qxf7+ Kh8 27. exd5 Rg8 28. Ref2 h6 29. Rf5 Qd2 30. R5f2 Qg5 31. h3 Qg3 32. Rf3 Qe5 33. Rf5 Qe2 34. R1f2 Qe1+ 35. Kh2 Qe4 36. Rh5 Rce8 37. Rhf5 Re5 38. Rxe5 Qxe5+ 39. Kh1 Qe1+ 40. Kh2 Qe5+ 41. Rf4 Qe1 42. Qe6 Qxe6 43. dxe6 Re8 44. Re4 Kg8 45. Kg3 g5 46. Kg4 Kg7 47. Kf5 Rf8+ 48. Kg4 Kf6 {White forfeits on time} 0-1

[Event "FICS rated blitz game"]
[Site "FICS freechess.org"]
[FICSGamesDBGameNo "20000516"]
[White "sling"]
[Black "Chessax"]
[WhiteElo "1697"]
[BlackElo "1442"]
[WhiteRD "na"]
[BlackRD "na"]
[TimeControl "180+0"]
[Date "1999.05.01"]
[Time "21:35:00"]
[WhiteClock "0:03:00.000"]
[BlackClock "0:03:00.000"]
[ECO "C00"]
[PlyCount "101"]
[Result "1-0"]

1. e4 e6 2. d4 Nc6 3. Nf3 d6 4. Nc3 a6 5. Bd3 Be7 6. Be3 Nf6 7. O-O d5 8. exd5 exd5 9. Re1 O-O 10. Qd2 Bg4 11. Be2 Ne4 12. Qd3 Bf5 13. Nxe4 Bxe4 14. Qd1 Bxf3 15. Bxf3 Bd6 16. Qd2 Nb4 17. c3 Nc6 18. Bf4 Na5 19. Be2 b5 20. Bd3 g6 21. Bh6 Qh4 22. h3 Rfe8 23. b4 Nc4 24. Bxc4 bxc4 25. Bg5 Qh5 26. Bf4 Be7 27. Bxc7 Bg5 28. Bf4 Bf6 29. a3 Re4 30. Rxe4 dxe4 31. Qe3 Re8 32. Re1 Re7 33. Qe2 Qf5 34. Bd6 Re6 35. Bc5 Qd5 36. Qg4 h5 37. Qg3 g5 38. a4 h4 39. Qg4 Kg7 40. b5 axb5 41. axb5 Kg6 42. b6 Kh6 43. Rb1 e3 44. fxe3 Rxe3 45. b7 Rg3 46. Bf8+ Kg6 47. Qe2 Rxg2+ 48. Qxg2 Bxd4+ 49. Kh1 Qf5 50. b8=Q Be5 51. Qf1 {Black forfeits on time} 1-0

[Event "FICS rated blitz game"]
[Site "FICS freechess.org"]
[FICSGamesDBGameNo "20000515"]
[White "Davmad"]
[Black "Tabacman"]
[WhiteElo "1566"]
[BlackElo "1749"]
[WhiteRD "na"]
[BlackRD "na"]
[TimeControl "300+0"]
[Date "1999.05.01"]
[Time "19:18:00"]
[WhiteClock "0:05:00.000"]
[BlackClock "0:05:00.000"]
[ECO "A22"]
[PlyCount "80"]
[Result "0-1"]

1. c4 e5 2. Nc3 Nf6 3. e4 Bc5 4. Nf3 Nc6 5. Nxe5 Bxf2+ 6. Kxf2 Nxe5 7. d4 Neg4+ 8. Kg1 h5 9. Bg5 d6 10. h3 Nh6 11. Qf3 c6 12. Rd1 Be6 13. e5 dxe5 14. dxe5 Qb6+ 15. Be3 Qxb2 16. exf6 Qxc3 17. fxg7 Qxg7 18. Bd4 Qg8 19. Bxh8 Qxh8 20. Qxh5 Qf6 21. Be2 Nf5 22. Qf3 Qe5 23. Qh5 Rd8 24. Rxd8+ Kxd8 25. Qf3 Qg3 26. Qd3+ Qxd3 27. Bxd3 Ng3 28. Rh2 Ke7 29. Kf2 Nh5 30. g4 Nf4 31. Bf1 Kf6 32. Kf3 Ng6 33. h4 Ne5+ 34. Ke4 Nxg4 35. Rg2 Kg7 36. Be2 f5+ 37. Kf4 Kh6 38. Bxg4 fxg4 39. Rxg4 Bxc4 40. Ke5 Bxa2 {White forfeits on time} 0-1

[Event "FICS rated blitz game"]
[Site "FICS freechess.org"]
[FICSGamesDBGameNo "20000514"]
[White "DeBeer"]
[Black "silly"]
[WhiteElo "1600"]
[BlackElo "1569"]
[WhiteRD "na"]
[BlackRD "na"]
[TimeControl "120+12"]
[Date "1999.05.01"]
[Time "16:02:00"]
[WhiteClock "0:02:00.000"]
[BlackClock "0:02:00.000"]
[ECO "A43"]
[PlyCount "55"]
[Result "1-0"]

1. d4 Nf6 2. Nc3 c5 3. d5 d6 4. e4 g6 5. Bb5+ Bd7 6. a4 a6 7. Bxd7+ Nbxd7 8. Nf3 Bg7 9. h3 O-O 10. Be3 Rb8 11. Qd2 b5 12. axb5 axb5 13. e5 dxe5 14. Ng5 h6 15. Nge4 b4 16. Nxf6+ Nxf6 17. Na4 Ne4 18. Qe2 f5 19. Nxc5 Qxd5 20. Nxe4 Qxe4 21. f3 Qc6 22. O-O e4 23. fxe4 Qxe4 24. Rf4 Qe6 25. Ra6 Qe5 26. Rxg6 Qxb2 27. Bd4 Qb1+ 28. Rf1 {Black resigns} 1-0

[Event "FICS rated blitz game"]
[Site "FICS freechess.org"]
[FICSGamesDBGameNo "20000513"]
[White "rvs"]
[Black "DaveCarter"]
[WhiteElo "1577"]
[BlackElo "1440"]
[WhiteRD "na"]
[BlackRD "na"]
[TimeControl "300+0"]
[Date "1999.05.01"]
[Time "14:42:00"]
[WhiteClock "0:05:00.000"]
[BlackClock "0:05:00.000"]
[ECO "B98"]
[PlyCount "130"]
[Result "1/2-1/2"]

1. e4 c5 2. Nf3 d6 3. d4 cxd4 4. Nxd4 Nf6 5. Nc3 a6 6. Bg5 e6 7. f4 Be7 8. Qd2 Nbd7 9. O-O-O b5 10. a3 Bb7 11. Bd3 Rc8 12. Rhe1 O-O 13. e5 dxe5 14. fxe5 Nd5 15. Bxe7 Qxe7 16. Nxd5 Bxd5 17. Qf4 Nc5 18. Re3 Rc7 19. Rg3 g6 20. Rh3 Rfc8 21. Qh6 f5 22. exf6 Qxf6 23. c3 Nxd3+ 24. Rdxd3 Qf1+ 25. Rd1 Qxg2 26. Rg3 Qe4 27. Re3 Qg4 28. h3 Qg2 29. Nxe6 Bxe6 30. Rxe6 Rxc3+ 31. Kb1 Qc2+ 32. Ka2 Qb3+ 33. Kb1 Qc2+ 34. Ka2 Qb3+ 35. Kb1 Rxh3 36. Rxg6+ hxg6 37. Qxg6+ Kf8 38. Qf5+ Qf7 39. Qxc8+ Kg7 40. Rd7 Rh1+ 41. Kc2 Rh2+ 42. Kc3 Rh3+ 43. Kb4 Rh4+ 44. Ka5 Ra4+ 45. Kb6 Qxd7 46. Qxd7+ Kf8 47. Qd6+ Ke8 48. Qe6+ Kf8 49. Kc7 Rc4+ 50. Kd7 Rd4+ 51. Kc6 Rc4+ 52. Kb6 Kg7 53. a4 Rxa4 54. b3 Rf4 55. Kxa6 Rf6 56. Qxf6+ Kxf6 57. Kxb5 Ke7 58. Kc6 Kd8 59. b4 Kc8 60. b5 Kb8 61. b6 Kc8 62. Kb5 Kb7 63. Kc5 Kb8 64. Kc6 Kc8 65. b7+ Kb8 {White ran out of time and Black has no material to mate} 1/2-1/2

[Event "FICS rated blitz game"]
[Site "FICS freechess.org"]
[FICSGamesDBGameNo "20000512"]
[White "Ruylope"]
[Black "matthy"]
[WhiteElo "1741"]
[BlackElo "1815"]
[WhiteRD "na"]
[BlackRD "na"]
[TimeControl "300+0"]
[Date "1999.05.01"]
[Time "13:26:00"]
[WhiteClock "0:05:00.000"]
[BlackClock "0:05:00.000"]
[ECO "B13"]
[PlyCount "80"]
[Result "0-1"]

1. e4 c6 2. d4 d5 3. exd5 cxd5 4. Nf3 Nf6 5. Be2 e6 6. O-O Nbd7 7. c3 Bd6 8. Bg5 Qc7 9. Nbd2 O-O 10. h3 Bf4 11. Bxf4 Qxf4 12. Re1 Ne4 13. Nxe4 dxe4 14. Nd2 f5 15. Nc4 Nb6 16. Ne5 Rf6 17. Qc1 Qh4 18. Qe3 Nd5 19. Qg3 Qxg3 20. fxg3 b6 21. c4 Nb4 22. Rec1 Bb7 23. a3 Nc6 24. Nd7 Rf7 25. Ne5 Nxe5 26. dxe5 Rd7 27. c5 bxc5 28. Rxc5 Rd2 29. Bc4 Bd5 30. b3 Rb8 31. Rc1 Bxc4 32. R5xc4 Rxb3 33. Rc8+ Kf7 34. R8c7+ Kg6 35. Rxa7 Rxg3 36. Rcc7 Rgxg2+ 37. Kf1 Rdf2+ 38. Ke1 Kh6 39. a4 e3 40. a5 Rg1# {White checkmated} 0-1

[Event "FICS rated standard game"]
[Site "FICS freechess.org"]
[FICSGamesDBGameNo "20000510"]
[White "domic"]
[Black "AyPEE"]
[WhiteElo "1632"]
[BlackElo "1656"]
[WhiteRD "na"]
[BlackRD "na"]
[TimeControl "900+0"]
[Date "1999.05.01"]
[Time "06:53:00"]
[WhiteClock "0:15:00.000"]
[BlackClock "0:15:00.000"]
[ECO "B45"]
[PlyCount "25"]
[Result "1-0"]

1. e4 c5 2. Nf3 Nc6 3. d4 cxd4 4. Nxd4 Nf6 5. Nc3 e6 6. Be3 Bb4 7. f3 O-O 8. a3 Bxc3+ 9. bxc3 Ne5 10. Qd2 a6 11. g4 Qc7 12. h4 Nc4 13. Bxc4 {Black resigns} 1-0

[Event "FICS rated blitz game"]
[Site "FICS freechess.org"]
[FICSGamesDBGameNo "20000509"]
[White "diagonale"]
[Black "Tadeo"]
[WhiteElo "1411"]
[BlackElo "1186"]
[WhiteRD "na"]
[BlackRD "na"]
[TimeControl "120+8"]
[Date "1999.04.30"]
[Time "15:06:00"]
[WhiteClock "0:02:00.000"]
[BlackClock "0:02:00.000"]
[ECO "D20"]
[PlyCount "80"]
[Result "1-0"]

1. d4 d5 2. c4 dxc4 3. e4 e5 4. Be3 Bb4+ 5. Nc3 Nf6 6. f3 Nc6 7. d5 Nd4 8. Bxd4 exd4 9. Qa4+ c6 10. Qxb4 cxd5 11. Nb5 a5 12. Qd6 Bd7 13. Nc7+ Qxc7 14. Qxc7 O-O 15. Ne2 dxe4 16. Nxd4 exf3 17. Nxf3 Rad8 18. Qxc4 Bg4 19. Be2 Bf5 20. O-O h6 21. Rad1 Rc8 22. Qf4 Rc5 23. Bd3 Be6 24. Rc1 Rb5 25. Bxb5 Bxa2 26. Bc4 Bxc4 27. Rxc4 Nd5 28. Qc1 b5 29. Rc5 Nb4 30. Rxb5 Nd3 31. Qc2 Nb4 32. Rxb4 axb4 33. Re1 g6 34. Qc4 Rb8 35. Re5 Kg7 36. Rb5 Rxb5 37. Qxb5 g5 38. Qxb4 g4 39. Nh4 Kf6 40. Qxg4 Ke7 {Black resigns} 1-0

[Event "FICS rated lightning game"]
[Site "FICS freechess.org"]
[FICSGamesDBGameNo "20000508"]
[White "Bjoernen"]
[Black "barchi"]
[WhiteElo "1667"]
[BlackElo "1731"]
[WhiteRD "na"]
[BlackRD "na"]
[TimeControl "60+0"]
[Date "1999.04.29"]
[Time "15:04:00"]
[WhiteClock "0:01:00.000"]
[BlackClock "0:01:00.000"]
[ECO "C01"]
[PlyCount "66"]
[Result "1-0"]

1. e3 e5 2. d4 exd4 3. exd4 Nf6 4. Nf3 d5 5. Bd3 Bd6 6. c3 h6 7. O-O Bg4 8. Be3 O-O 9. h3 Bh5 10. g4 Nxg4 11. Nh4 Nxe3 12. Qxh5 Nxf1 13. Kxf1 Qf6 14. Nf5 Nd7 15. Nd2 Rae8 16. Nf3 g6 17. Nxh6+ Kg7 18. Qg4 Kxh6 19. h4 Rh8 20. Bc2 Nf8 21. Rd1 Ne6 22. Rd3 Nf4 23. Re3 Rxe3 24. fxe3 Kg7 25. exf4 Bxf4 26. Bb3 c6 27. Kg2 g5 28. Bc2 Kf8 29. Bf5 gxh4 30. Qh3 Rg8+ 31. Kf1 Qe5 32. Nxe5 Be3 33. Ke2 Rg2+ {Black forfeits on time} 1-0

[Event "FICS rated lightning game"]
[Site "FICS freechess.org"]
[FICSGamesDBGameNo "20000507"]
[White "jco"]
[Black "Turkishmaster"]
[WhiteElo "1810"]
[BlackElo "1744"]
[WhiteRD "na"]
[BlackRD "na"]
[TimeControl "60+0"]
[Date "1999.04.29"]
[Time "13:00:00"]
[WhiteClock "0:01:00.000"]
[BlackClock "0:01:00.000"]
[ECO "C00"]
[PlyCount "98"]
[Result "0-1"]

1. e4 e6 2. f4 d5 3. e5 c5 4. Nf3 Nc6 5. c3 Qb6 6. Bd3 Bd7 7. Bc2 Be7 8. O-O f5 9. Kh1 Nh6 10. Ng5 O-O 11. Qh5 Bxg5 12. fxg5 Nf7 13. Rf3 g6 14. Qh4 Kg7 15. Rh3 Rh8 16. d3 h6 17. gxh6+ Kf8 18. h7 Ne7 19. Qf6 Ke8 20. Rh6 c4 21. Bg5 Qd8 22. Na3 a6 23. Rxg6 Nxg6 24. Qxd8+ Nxd8 25. Bxd8 Rxd8 26. Rf1 Rxh7 27. d4 Ke7 28. Nb1 Rdh8 29. Nd2 Rxh2+ 30. Kg1 Rh1+ 31. Kf2 Rxf1+ 32. Kxf1 Rh1+ 33. Kf2 Nh4 34. Nf3 Nxf3 35. Kxf3 Be8 36. b3 Bh5+ 37. Kf2 b5 38. bxc4 bxc4 39. Ba4 Rc1 40. Bc6 Rxc3 41. g4 Rc2+ 42. Ke3 Bxg4 43. Kf4 Re2 44. Bb7 Re4+ 45. Kg5 Bf3 46. Kg6 Rg4+ 47. Kh6 a5 48. Kh5 a4 49. Kh6 a3 {White forfeits on time} 0-1

[Event "FICS rated lightning game"]
[Site "FICS freechess.org"]
[FICSGamesDBGameNo "20000506"]
[White "Nikdo"]
[Black "regin"]
[WhiteElo "1604"]
[BlackElo "1667"]
[WhiteRD "na"]
[BlackRD "na"]
[TimeControl "60+0"]
[Date "1999.04.29"]
[Time "07:16:00"]
[WhiteClock "0:01:00.000"]
[BlackClock "0:01:00.000"]
[ECO "B00"]
[PlyCount "65"]
[Result "0-1"]

1. e4 e5 2. d4 Nc6 3. d5 Nce7 4. Bc4 d6 5. Nc3 f5 6. f3 fxe4 7. fxe4 Nf6 8. Be3 Bd7 9. Qd2 Ng6 10. O-O-O Qe7 11. Kb1 O-O-O 12. a4 Kb8 13. a5 Qe8 14. a6 Bb5 15. Nxb5 bxa6 16. Na3 Nxe4 17. Qb4+ Ka8 18. Bxa6 Rb8 19. Qa5 Nc3+ 20. Qxc3 Qa4 21. Bb5 Rxb5 22. Nxb5 Qxb5 23. Nf3 Nf4 24. Rhf1 Ne2 25. Qb3 Qxb3 26. cxb3 g6 27. Bxa7 Kxa7 28. Rf2 Nd4 29. Rxd4 exd4 30. Nxd4 Bg7 31. Nc6+ Kb6 32. Rf7 Be5 33. Rg7 {White forfeits on time} 0-1

[Event "FICS rated blitz game"]
[Site "FICS freechess.org"]
[FICSGamesDBGameNo "20000505"]
[White "buniy"]
[Black "FreezingPoint"]
[WhiteElo "1233"]
[BlackElo "1168"]
[WhiteRD "na"]
[BlackRD "na"]
[TimeControl "120+5"]
[Date "1999.04.28"]
[Time "22:12:00"]
[WhiteClock "0:02:00.000"]
[BlackClock "0:02:00.000"]
[ECO "C60"]
[PlyCount "156"]
[Result "0-1"]

1. e4 e5 2. Nf3 Nc6 3. Bb5 Qf6 4. Bxc6 Qxc6 5. Nc3 d6 6. d4 Bg4 7. d5 Qd7 8. h3 Bh5 9. g4 Bg6 10. Bg5 f6 11. Be3 c6 12. Nh4 Ne7 13. Nf5 Nxf5 14. gxf5 Bf7 15. Qd2 g6 16. dxc6 Qxc6 17. fxg6 Bxg6 18. f3 Qa6 19. O-O-O O-O-O 20. Kb1 Kb8 21. Nd5 Bh5 22. Rhf1 Be7 23. Qc3 Rc8 24. Qd3 Qxd3 25. Rxd3 Bd8 26. Ra3 Bb6 27. Bxb6 axb6 28. Nxb6 Rcg8 29. Rd1 Kc7 30. Nd5+ Kb8 31. b3 Rg2 32. Rf1 Rc8 33. Nb6 Rcxc2 34. Ra8+ Kc7 35. Nd5+ Kc6 36. Nb4+ Kd7 37. Nxc2 Rg3 38. a4 Rxh3 39. b4 Kc7 40. Rc1 Bxf3 41. Ne3+ Kd7 42. Nd5 Bxe4+ 43. Kb2 Bxd5 44. Rac8 Rb3+ 45. Ka1 Ra3+ 46. Kb2 Rb3+ 47. Kc2 Rxb4 48. Kd2 Rxa4 49. R8c7+ Ke6 50. Rxh7 b5 51. Rcc7 b4 52. Rce7+ Kf5 53. Rh5+ Kg6 54. Rhh7 b3 55. Reg7+ Kf5 56. Rg1 Be4 57. Kc3 Bc2 58. Rd7 Ke6 59. Rb7 f5 60. Rg6+ Kd5 61. Rb5+ Kc6 62. Rb8 e4 63. Rc8+ Kd5 64. Rd8 Ra6 65. Kb2 Ra2+ 66. Kc3 Ra6 67. Rf6 Ke5 68. Rdf8 e3 69. R6f7 Bd1 70. Re7+ Kf4 71. Kb2 e2 72. Rfe8 Kf3 73. Rf8 f4 74. Rfe8 Kf2 75. Rxe2+ Bxe2 76. Kxb3 f3 77. Kc3 Ra3+ 78. Kd4 Rd3+ {White resigns} 0-1

[Event "FICS rated lightning game"]
[Site "FICS freechess.org"]
[FICSGamesDBGameNo "20000504"]
[White "jkoss"]
[Black "Sasha"]
[WhiteElo "1811"]
[BlackElo "1553"]
[WhiteRD "na"]
[BlackRD "na"]
[TimeControl "60+0"]
[Date "1999.04.28"]
[Time "13:06:00"]
[WhiteClock "0:01:00.000"]
[BlackClock "0:01:00.000"]
[ECO "A40"]
[PlyCount "51"]
[Result "1-0"]

1. d4 e6 2. e3 d5 3. Bd3 Nf6 4. Nd2 c5 5. c3 Nc6 6. f4 c4 7. Ngf3 cxd3 8. e4 dxe4 9. Ne5 Nxe5 10. fxe5 Nd5 11. Nxe4 Be7 12. Qxd3 Bh4+ 13. g3 Be7 14. O-O a5 15. h4 b6 16. Ng5 Bxg5 17. Bxg5 Qc7 18. Rf3 O-O 19. Raf1 Ba6 20. c4 Nb4 21. Qe4 Bxc4 22. Bf6 Bxf1 23. Bxg7 Kxg7 24. Qg4+ Kh8 25. Rxf1 Qc4 26. Qh5 {Black forfeits on time} 1-0

[Event "FICS rated blitz game"]
[Site "FICS freechess.org"]
[FICSGamesDBGameNo "20000503"]
[White "Lundgaard"]
[Black "mandevil"]
[WhiteElo "1755"]
[BlackElo "1687"]
[WhiteRD "na"]
[BlackRD "na"]
[TimeControl "120+12"]
[Date "1999.04.28"]
[Time "05:19:00"]
[WhiteClock "0:02:00.000"]
[BlackClock "0:02:00.000"]
[ECO "D66"]
[PlyCount "175"]
[Result "1-0"]

1. d4 Nf6 2. Nf3 d5 3. c4 c6 4. Nc3 e6 5. Bg5 Be7 6. e3 Nbd7 7. Rc1 O-O 8. Bd3 a6 9. O-O dxc4 10. Bxc4 b5 11. Bd3 c5 12. Bb1 cxd4 13. exd4 Bb7 14. Qe2 Rc8 15. Rfd1 h6 16. Bh4 Re8 17. Ne5 Nf8 18. Bxf6 Bxf6 19. Qh5 Qe7 20. Be4 Red8 21. Bxb7 Qxb7 22. f3 Bg5 23. Rb1 Be3+ 24. Kh1 Bxd4 25. Ne4 Bxe5 26. Qxe5 Ng6 27. Qg3 Rxd1+ 28. Rxd1 Rc2 29. h4 Qc7 30. Qxc7 Rxc7 31. h5 Nf4 32. b4 Nd5 33. a3 Rc2 34. Nc5 Ra2 35. Rd3 Nf4 36. Rd8+ Kh7 37. Nxa6 Rxa3 38. Nc7 Rb3 39. Rd4 e5 40. Re4 f6 41. Nxb5 Nxh5 42. Kh2 Rb2 43. Nc3 Nf4 44. b5 Rxg2+ 45. Kh1 Rc2 46. Na4 Ra2 47. b6 Ra1+ 48. Kh2 Rb1 49. Rc4 h5 50. Rc6 h4 51. Nc5 Rb2+ 52. Kh1 Ne2 53. Ne4 Ng3+ 54. Nxg3 hxg3 55. Kg1 Kg6 56. Kh1 Kf5 57. Kg1 g5 58. Kh1 Kg6 59. Kg1 Kf7 60. Rc7+ Ke6 61. b7 Kf5 62. Rf7 Kg6 63. Re7 f5 64. Rc7 e4 65. fxe4 fxe4 66. Re7 Kf5 67. Rf7+ Kg4 68. Re7 Kf3 69. Rf7+ Kg4 70. Re7 Rb1+ 71. Kg2 Rb2+ 72. Kg1 e3 73. Rxe3 Rxb7 74. Re6 Rb4 75. Kg2 Rb2+ 76. Kg1 Kh3 77. Rh6+ Kg4 78. Rc6 Rb4 79. Kg2 Rf4 80. Ra6 Rf2+ 81. Kg1 Rf4 82. Kg2 Rf2+ 83. Kg1 Rh2 84. Ra7 Rf2 85. Ra8 Rf4 86. Kg2 Ra4 87. Rxa4+ Kf5 88. Kxg3 {Black resigns} 1-0

[Event "FICS rated blitz game"]
[Site "FICS freechess.org"]
[FICSGamesDBGameNo "20000502"]
[White "Tadeo"]
[Black "vha"]
[WhiteElo "1180"]
[BlackElo "1449"]
[WhiteRD "na"]
[BlackRD "na"]
[TimeControl "300+0"]
[Date "1999.04.27"]
[Time "21:14:00"]
[WhiteClock "0:05:00.000"]
[BlackClock "0:05:00.000"]
[ECO "C50"]
[PlyCount "33"]
[Result "1-0"]

1. e4 e5 2. Nf3 Nc6 3. Bc4 Nf6 4. d3 Bc5 5. Nc3 d6 6. Bg5 Bg4 7. Bxf6 Qxf6 8. Bb5 O-O 9. Bxc6 bxc6 10. O-O Qg6 11. Nh4 Qg5 12. Nf3 Bh3 13. Nxg5 Bd7 14. Qh5 h6 15. Nf3 Rae8 16. a3 Re6 17. b4 {Black resigns} 1-0

[Event "FICS rated blitz game"]
[Site "FICS freechess.org"]
[FICSGamesDBGameNo "20000501"]
[White "worldmaster"]
[Black "alexeyl"]
[WhiteElo "2232"]
[BlackElo "2206"]
[WhiteRD "na"]
[BlackRD "na"]
[TimeControl "300+0"]
[Date "1999.04.27"]
[Time "20:57:00"]
[WhiteClock "0:05:00.000"]
[BlackClock "0:05:00.000"]
[ECO "B15"]
[PlyCount "46"]
[Result "0-1"]

1. d4 g6 2. Nf3 Bg7 3. e4 c6 4. Nc3 d5 5. h3 Nf6 6. e5 Ne4 7. Nxe4 dxe4 8. Ng5 c5 9. Bc4 O-O 10. c3 Nc6 11. Be3 cxd4 12. cxd4 b5 13. Bb3 Bb7 14. Nxe4 Nxe5 15. Nc5 Bxg2 16. Rg1 Nf3+ 17. Ke2 Nxg1+ 18. Qxg1 Bd5 19. Bc2 Bc4+ 20. Ke1 Qa5+ 21. Bd2 Qc7 22. Be3 Rad8 23. Rd1 e5 {White resigns} 0-1

[Event "FICS rated blitz game"]
[Site "FICS freechess.org"]
[FICSGamesDBGameNo "20000500"]
[White "Rhohan"]
[Black "Battony"]
[WhiteElo "1312"]
[BlackElo "1303"]
[WhiteRD "na"]
[BlackRD "na"]
[TimeControl "300+10"]
[Date "1999.04.27"]
[Time "20:06:00"]
[WhiteClock "0:05:00.000"]
[BlackClock "0:05:00.000"]
[ECO "C68"]
[PlyCount "72"]
[Result "0-1"]

1. e4 e5 2. Nf3 Nc6 3. Bb5 a6 4. Bxc6 dxc6 5. Nxe5 Qd4 6. Nf3 Qxe4+ 7. Qe2 Qxe2+ 8. Kxe2 Nf6 9. Re1 Be7 10. Kf1 Be6 11. Nc3 O-O 12. d3 Bb4 13. Bd2 Bg4 14. Ne5 Be6 15. a3 Bc5 16. h3 Nd5 17. Nxd5 cxd5 18. b4 Bb6 19. c3 c6 20. c4 dxc4 21. Nxc4 Bd4 22. Rab1 b5 23. Na5 c5 24. bxc5 Bxc5 25. Nb7 Bxa3 26. d4 Bd5 27. Nc5 Rfc8 28. Bb4 Bxb4 29. Rxb4 Bc4+ 30. Kg1 Rd8 31. Rd1 h6 32. Ne4 a5 33. Rbb1 a4 34. Ra1 a3 35. Nc3 b4 36. Nb1 Bb3 {White resigns} 0-1

[Event "FICS rated blitz game"]
[Site "FICS freechess.org"]
[FICSGamesDBGameNo "20000499"]
[White "bellguy"]
[Black "Quixote"]
[WhiteElo "1502"]
[BlackElo "1776"]
[WhiteRD "na"]
[BlackRD "na"]
[TimeControl "180+0"]
[Date "1999.04.27"]
[Time "18:36:00"]
[WhiteClock "0:03:00.000"]
[BlackClock "0:03:00.000"]
[ECO "C00"]
[PlyCount "68"]
[Result "0-1"]

1. e4 e6 2. Nf3 c6 3. d4 f5 4. Ne5 Nf6 5. exf5 exf5 6. Bg5 d5 7. Bd3 Bd6 8. O-O O-O 9. Re1 Qc7 10. Nc3 Ne4 11. Nxe4 fxe4 12. Bf1 Bxe5 13. dxe5 Qxe5 14. Qd2 Rf5 15. f4 Qd6 16. Rxe4 Be6 17. Qd3 Nd7 18. Re3 Nc5 19. Qa3 b6 20. Rae1 Re8 21. Qxa7 Ne4 22. Bd3 Bf7 23. Bxe4 dxe4 24. Rxe4 Rxe4 25. Rxe4 Qd1+ 26. Kf2 Qxc2+ 27. Re2 Qc5+ 28. Kf1 Qc1+ 29. Re1 Rxf4+ 30. Bxf4 Qxf4+ 31. Kg1 h6 32. Qa8+ Kh7 33. Qxc6 Qf6 34. Qc2+ Bg6 {White forfeits on time} 0-1

[Event "FICS rated blitz game"]
[Site "FICS freechess.org"]
[FICSGamesDBGameNo "20000498"]
[White "amirl"]
[Black "vukas"]
[WhiteElo "1744"]
[BlackElo "1787"]
[WhiteRD "na"]
[BlackRD "na"]
[TimeControl "300+0"]
[Date "1999.04.27"]
[Time "18:01:00"]
[WhiteClock "0:05:00.000"]
[BlackClock "0:05:00.000"]
[ECO "D70"]
[PlyCount "60"]
[Result "0-1"]

1. d4 Nf6 2. c4 g6 3. f3 d5 4. cxd5 Nxd5 5. e4 Nb6 6. Nc3 Bg7 7. Be3 O-O 8. f4 Nc6 9. Nf3 Bg4 10. e5 Nb4 11. Be2 Bf5 12. Rc1 N4d5 13. Nxd5 Nxd5 14. Bf2 Nxf4 15. O-O Bh6 16. Be3 Nxe2+ 17. Qxe2 Bxe3+ 18. Qxe3 c6 19. Qh6 f6 20. Kh1 Qd5 21. Rcd1 Bg4 22. Nh4 Rf7 23. Rde1 fxe5 24. dxe5 Raf8 25. Rxf7 Rxf7 26. Nxg6 hxg6 27. Qxg6+ Rg7 28. Qe8+ Kh7 29. Rf1 Qxg2+ 30. Kxg2 Bd7+ {White resigns} 0-1

[Event "FICS rated blitz game"]
[Site "FICS freechess.org"]
[FICSGamesDBGameNo "20000497"]
[White "chirochess"]
[Black "BlackEagle"]
[WhiteElo "1439"]
[BlackElo "1394"]
[WhiteRD "na"]
[BlackRD "na"]
[TimeControl "360+0"]
[Date "1999.04.27"]
[Time "17:45:00"]
[WhiteClock "0:06:00.000"]
[BlackClock "0:06:00.000"]
[ECO "B07"]
[PlyCount "61"]
[Result "1-0"]

1. d4 d6 2. e4 Nf6 3. Nc3 g6 4. Bc4 Bg7 5. Be3 O-O 6. Nf3 b6 7. Qd2 Bb7 8. d5 c6 9. O-O-O cxd5 10. exd5 Na6 11. a3 Nc5 12. Bh6 Nce4 13. Qe3 Ng4 14. Qxe4 Nxh6 15. h4 Re8 16. g4 Bc8 17. g5 Ng4 18. Qe2 e6 19. Nh2 Nxh2 20. Rxh2 exd5 21. Qf3 Bb7 22. Bxd5 Bxd5 23. Nxd5 Qd7 24. Nf6+ Bxf6 25. Qxf6 Re6 26. Qc3 Rc8 27. Qb3 Qe8 28. h5 Re1 29. hxg6 Rxd1+ 30. Kxd1 hxg6 31. Qh3 {Black forfeits on time} 1-0

[Event "FICS rated blitz game"]
[Site "FICS freechess.org"]
[FICSGamesDBGameNo "20000496"]
[White "climb"]
[Black "squill"]
[WhiteElo "1124"]
[BlackElo "1261"]
[WhiteRD "na"]
[BlackRD "na"]
[TimeControl "120+12"]
[Date "1999.04.27"]
[Time "02:54:00"]
[WhiteClock "0:02:00.000"]
[BlackClock "0:02:00.000"]
[ECO "B57"]
[PlyCount "52"]
[Result "0-1"]

1. e4 c5 2. Nf3 d6 3. d4 cxd4 4. Nxd4 Nf6 5. Nc3 Nc6 6. Bc4 g6 7. O-O Bg7 8. Re1 O-O 9. Bg5 Qb6 10. Be3 Qxb2 11. Na4 Qb4 12. Bb5 Bd7 13. Rb1 Qa5 14. Bd2 Qc7 15. c3 Nxd4 16. cxd4 Bxb5 17. Rxb5 Rac8 18. Re3 Qc6 19. Rb1 Nxe4 20. Rc1 Qd5 21. Rxc8 Rxc8 22. f3 Nxd2 23. Qxd2 Bxd4 24. Kh1 Qc4 25. Rc3 Bxc3 26. Nxc3 Qf1# {White checkmated} 0-1

[Event "FICS rated blitz game"]
[Site "FICS freechess.org"]
[FICSGamesDBGameNo "20000495"]
[White "hemphandle"]
[Black "bonesaw"]
[WhiteElo "1467"]
[BlackElo "1511"]
[WhiteRD "na"]
[BlackRD "na"]
[TimeControl "180+0"]
[Date "1999.04.26"]
[Time "17:03:00"]
[WhiteClock "0:03:00.000"]
[BlackClock "0:03:00.000"]
[ECO "B40"]
[PlyCount "78"]
[Result "0-1"]

1. e4 c5 2. Nf3 e6 3. d4 d5 4. exd5 exd5 5. dxc5 Bxc5 6. Bb5+ Nc6 7. O-O Ne7 8. Re1 O-O 9. Be3 Bxe3 10. Rxe3 Bg4 11. h3 Bh5 12. Be2 Nf5 13. Rd3 d4 14. Qd2 Bg6 15. Qg5 h6 16. Qxd8 Raxd8 17. Nbd2 Nb4 18. Rb3 Nxc2 19. Rc1 Rc8 20. Ne5 Rfe8 21. Nxg6 fxg6 22. Bd3 Re1+ 23. Rxe1 Nxe1 24. Bxf5 gxf5 25. Kf1 Rc1 26. Ke2 Nxg2 27. Rxb7 Nf4+ 28. Kf3 Ne6 29. Rxa7 Rc2 30. Ra8+ Kf7 31. Nb3 Rxb2 32. Ra7+ Kf6 33. Ra6 d3 34. Rd6 Rxa2 35. Rxd3 Ra3 36. Nc1 Ra2 37. Rd6 Rc2 38. Nd3 Ke7 39. Rd5 g6 {White resigns} 0-1